[Event "*** SCC Grand Prix: Titled Tuesday Blitz"]
[Site "Chess.com"]
[Date "2020.06.23"]
[Round "8"]
[White "Shahinyan_ChessMood"]
[Black "Iskusnyh"]
[Result "1-0"]
[WhiteElo "2609"]
[BlackElo "2452"]
[TimeControl "180+1"]
[EndTime "11:35:01 PDT"]
[Termination "Shahinyan_ChessMood won on time"]

1. e4 e6 2. d3 d5 3. Nd2 c5 4. Ngf3 Nf6 5. g3 g6 6. Bg2 Bg7 7. O-O O-O 8. exd5 exd5 9. Nb3 b6 10. d4 c4 11. Nbd2 Nc6 12. Re1 Bf5 13. c3 Ne4 14.
Nh4 Re8 15. Nxf5 gxf5 16. Qh5 Nf6 17. Rxe8+ Qxe8 18. Qxf5 Qe1+ 19. Nf1 Re8 20. Bh6 Qxa1 21. Bxg7 Kxg7 22. Qg5+ Kf8 23. Qxf6 Re6 24. Qh8+ Ke7 25. Qxh7 Qxb2 26. Ne3 Qc1+ 27. Nf1 Qxc3 28. Bxd5 Nxd4 29. Bxe6 Kxe6 30. Qe4+ Kd6 31. Ne3 Ne2+ 32. Kg2 Qd3 33. Nxc4+ 1-0

[Event "*** SCC Grand Prix: Titled Tuesday Blitz"]
[Site "Chess.com"]
[Date "2020.06.23"]
[Round "8"]
[White "zala02"]
[Black "RusPakhom"]
[Result "1-0"]
[WhiteElo "2191"]
[BlackElo "2314"]
[TimeControl "180+1"]
[EndTime "11:35:04 PDT"]
[Termination "zala02 won by checkmate"]

1. d4 d6 2. Nf3 g6 3. c4 Bg7 4. Nc3 Nd7 5. e4 e5 6. g3 Ne7 7.
Bg2 O-O 8. O-O exd4 9. Nxd4 Nf6 10. Re1 Re8 11. h3 Bd7 12. Be3 Nc6 13. Qd2 Nxd4 14. Bxd4 Bc6 15. Rad1 Qd7 16. Kh2 h5 17. a3 a5 18. b3 Qe6 19. Qd3 Nd7 20. Bxg7 Kxg7 21. b4 axb4 22. axb4 Ne5 23. Qe3 Qxc4 24. f4 Ra3 25.
fxe5 Rxc3 26. Qg5 Rxe5 27. Qf4 Qxb4 28. Rf1 Re7 29. Rf2 Rc4 30. Rdf1 Bxe4 31. Qf6+ Kf8 32. Qh8# 1-0

[Event "*** SCC Grand Prix: Titled Tuesday Blitz"]
[Site "Chess.com"]
[Date "2020.06.23"]
[Round "8"]
[White "mmmflatbread"]
[Black "FMJoseHerrera"]
[Result "1-0"]
[WhiteElo "2793"]
[BlackElo "2582"]
[TimeControl "180+1"]
[EndTime "11:35:06 PDT"]
[Termination "mmmflatbread won on time"]

1. Nf3 Nf6 2. c4 c5 3. d4 g6 4. g3 Bg7 5. Bg2 cxd4 6. Nxd4 h5 7. Nc3 h4 8. O-O Nc6 9. Bg5 hxg3 10. hxg3 Qa5 11.
Nf3 d6 12. Qa4 Qc5 13. Nd5 Nxd5 14. cxd5 Qxd5 15. Rfd1 Qa5 16. Qb3 Bg4 17. Qxb7 Rc8 18. Rac1 Rc7 19. Qa8+ Rc8 20. Qb7 Rc7 21. Qb3 O-O 22.
Bd2 Qa6 23. Bc3 Rb8 24. Qc2 Bxf3 25. Bxf3 Nd4 26. Qe4 Nxf3+ 27. Qxf3 Qxa2 28. Bxg7 Rxc1 29. Rxc1 Kxg7 30. b4 Qb2 31. Rc7 Qe5 32. Rc4 a5 33.
bxa5 Qxa5 34. Rf4 Qa2 35. Kg2 Rb1 36. Qc3+ Kg8 37. Qc8+ Kg7 38. Rh4 Qd5+ 39. e4 Qa8 40. Qxa8 1-0

[Event "*** SCC Grand Prix: Titled Tuesday Blitz"]
[Site "Chess.com"]
[Date "2020.06.23"]
[Round "8"]
[White "Grineva_Marianna"]
[Black "Justinz"]
[Result "0-1"]
[WhiteElo "2198"]
[BlackElo "2389"]
[TimeControl "180+1"]
[EndTime "11:35:07 PDT"]
[Termination "Justinz won by checkmate"]

1. e4 c5 2. Nf3 d6 3. d4 cxd4 4. Nxd4 Nf6 5. Nc3 a6 6. Bg5 e6 7. f4 h6 8. Bh4 Qb6 9. a3 Be7 10. Bf2 Qc7 11. Qd2 Nbd7 12. O-O-O Rb8 13. Bd3 b5 14.
Rhe1 Bb7 15. e5 dxe5 16. fxe5 Nd5 17. Nxd5 Bxd5 18. Kb1 b4 19. a4 b3 20. Nxb3 Bb4 21.
Qf4 Bxe1 22. Rxe1 O-O 23. Nd4 Rfc8 24. Qd2 Nc5 25. Be3 Nxa4 26. Nb3 Bxb3 27. cxb3 Rxb3 28. Bd4 Rcb8 29. Re2 Nc3+ 30. Bxc3 Rxc3 31. Bc2 a5 32. Re4 Rc4 33. Rxc4 Qxc4 34. b3 a4 35. Kc1 axb3 36.
Qd6 Qxc2# 0-1

[Event "*** SCC Grand Prix: Titled Tuesday Blitz"]
[Site "Chess.com"]
[Date "2020.06.23"]
[Round "8"]
[White "kingmonkey2006"]
[Black "bratkoo"]
[Result "0-1"]
[WhiteElo "2567"]
[BlackElo "2439"]
[TimeControl "180+1"]
[EndTime "11:35:08 PDT"]
[Termination "bratkoo won by resignation"]

1. e4 e6 2. d4 d5 3. Nd2 c5 4.
exd5 exd5 5. Ngf3 Nf6 6. Bb5+ Bd7 7. Bxd7+ Nbxd7 8. O-O Be7 9. Nb3 c4 10. Nbd2 O-O 11. b3 c3 12. Nb1 Ne4 13. Qd3 Rc8 14. Ne1 Qb6 15. f3 Ne5 16. Qd1 Nd6 17. Be3 Ng6 18. a4 Bf6 19. Qd3 Rfe8 20. Bf2 Nf4 21. Qd1 Nf5 22. a5 Qb5 23. g3 Ne2+ 24. Kg2 Nexd4 25.
Na3 Qe2 26. Kg1 Ne3 27. Bxe3 Qxe3+ 28. Rf2 Be7 29. Qd3 Bxa3 30. Rxa3 Qxe1+ 31. Kg2 Qe3 32. Qd1 h5 33. Ra4 Nc6 34. Qxd5 Rcd8 35. Qxh5 Rd2 36.
Rxd2 cxd2 0-1

[Event "*** SCC Grand Prix: Titled Tuesday Blitz"]
[Site "Chess.com"]
[Date "2020.06.23"]
[Round "8"]
[White "HunterBRR"]
[Black "HouseOfDurin"]
[Result "1-0"]
[WhiteElo "2086"]
[BlackElo "1910"]
[TimeControl "180+1"]
[EndTime "11:35:08 PDT"]
[Termination "HunterBRR won on time"]

1. d4 Nf6 2. c4 c5 3. d5 b5 4. Nf3 bxc4 5. Nc3 d6 6. Bg5 Nbd7 7. e4 g6 8. Bxc4 Bg7 9. O-O O-O 10. Qc2 Rb8 11. Nd2 Qb6 12. Rab1 Ba6 13. b3 Ne5 14. h3 h6 15. Be3 Nfd7 16. f4 Nxc4 17. bxc4 Qa5 18. Ne2 Qa3 19. Rb3 Rxb3 20. axb3 Rb8 21.
f5 g5 22. h4 Bf6 23. hxg5 hxg5 24. Ng3 Be5 25. Nh5 f6 26. g4 Kf7 27. Kg2 Rh8 28. Qb1 Nb6 29. Qc2 Rf8 30. Nb1 Qb4 31. Bd2 1-0

[Event "*** SCC Grand Prix: Titled Tuesday Blitz"]
[Site "Chess.com"]
[Date "2020.06.23"]
[Round "8"]
[White "HrvojeZagreb"]
[Black "BikingBrian"]
[Result "0-1"]
[WhiteElo "2107"]
[BlackElo "2264"]
[TimeControl "180+1"]
[EndTime "11:35:09 PDT"]
[Termination "BikingBrian won on time"]

1. d4 Nf6 2. Bf4 c5 3. e3 Nd5 4. Bg3 Qb6 5. c4 Qxb2 6. cxd5 Qxa1 7. Qc2 Na6 8. Bxa6 bxa6 9. Nf3 Bb7 10. dxc5 Bxd5 11. Be5 Qxa2 12. Qxa2 Bxa2 13. Nc3 Bc4 14. Kd2 f6 15. Bg3 e5 16. Ne4 Bd5 17. Nd6+ Bxd6 18. cxd6 Kf7 19. Ra1 Bc4 20. Kc3 Rhc8 21. Nd2 Bb5+ 22. Kb2 Rc6 23. Ne4 Rb8 24. Ka3 Bd3 25.
Nd2 Rc3+ 26. Ka4 Rc2 27. Nf3 Rcb2 28. Bxe5 R8b4+ 29. Ka3 R2b3+ 30. Ka2 Bb1+ 31. Rxb1 Rxb1 32. Bd4 Rb5 33. Bxa7 R1b4 34. Ka3 Rb1 35. Ka2 Rf1 36. e4 Rd1 37. Nd4 Rd2+ 38. Ka3 Rxd4 0-1

[Event "*** SCC Grand Prix: Titled Tuesday Blitz"]
[Site "Chess.com"]
[Date "2020.06.23"]
[Round "8"]
[White "Evgeny81"]
[Black "GM_dmitrij"]
[Result "0-1"]
[WhiteElo "2798"]
[BlackElo "2913"]
[TimeControl "180+1"]
[EndTime "11:35:10 PDT"]
[Termination "GM_dmitrij won on time"]

1. e4 c5 2. d4 cxd4 3. c3 d5 4.
Qxd4 Nf6 5. exd5 Nxd5 6. Bc4 e6 7. Bxd5 exd5 8. Nf3 Nc6 9. Qe3+ Be7 10. O-O O-O 11. Nbd2 Re8 12. Nb3 Bf5 13. Nfd4 Bd6 14. Qg5 Bg6 15. Qxd8 Raxd8 16. Be3 Ne5 17. Nb5 Bb8 18.
Nxa7 Nc4 19. Bd4 Nxb2 20. h3 Na4 21. Rfc1 Bd3 22. Na5 Rd7 23. Re1 Re6 24. Rxe6 fxe6 25.
Nc8 Bc7 26. Nxb7 e5 27. Be3 Nxc3 28. Nc5 Rd8 29. Ne7+ Kf7 30. Nc6 Bc4 31. Nxd8+ Bxd8 0-1

[Event "*** SCC Grand Prix: Titled Tuesday Blitz"]
[Site "Chess.com"]
[Date "2020.06.23"]
[Round "8"]
[White "vovachesss"]
[Black "Quiet_Desperation"]
[Result "1-0"]
[WhiteElo "2578"]
[BlackElo "1967"]
[TimeControl "180+1"]
[EndTime "11:35:10 PDT"]
[Termination "vovachesss won by resignation"]

1. e4 e6 2. Qe2 c5 3. Nf3 Nc6 4. g3 d6 5. Bg2 g6 6. O-O Bg7 7. c3 Nge7 8. Rd1 Qc7 9. d4 e5 10.
dxe5 Nxe5 11. Nxe5 dxe5 12. Nd2 O-O 13. Nc4 Rd8 14. Ne3 Be6 15. Nd5 Nxd5 16. exd5 Bf5 17. Bg5 f6 18. Be3 Rd6 19. b4 b6 20. bxc5 bxc5 21. Qc4 Rc8 22. a4 Bf8 23. a5 a6 24.
Rd2 Bd7 25. Rb2 Bb5 26. Qh4 c4 27. f4 exf4 28. Qxf4 Qe7 29. Re1 Re8 30. Rbe2 Qd7 31. Bc5 Rxe2 32. Rxe2 Rxd5 33. Bxd5+ Qxd5 34. Bxf8 Bc6 35. Bh6 Qh1+ 36. Kf2 Qxh2+ 37. Ke1 Qh1+ 38. Kd2 Qb1 39.
Qxf6 Qd3+ 40. Ke1 Qxg3+ 41. Rf2 Qg1+ 42. Kd2 1-0

[Event "*** SCC Grand Prix: Titled Tuesday Blitz"]
[Site "Chess.com"]
[Date "2020.06.23"]
[Round "8"]
[White "ShahMatKanal"]
[Black "Chuchofrio1"]
[Result "1-0"]
[WhiteElo "2401"]
[BlackElo "2224"]
[TimeControl "180+1"]
[EndTime "11:35:10 PDT"]
[Termination "ShahMatKanal won by resignation"]

1. d4 Nf6 2. c4 e6 3. a3 d5 4. cxd5 exd5 5. Nc3 c6 6. Bg5 Be7 7. e3 Bf5 8. Bd3 Bxd3 9. Qxd3 Nbd7 10. Nge2 O-O 11.
O-O Re8 12. Rad1 Nf8 13. Ng3 Ng6 14. Nf5 Bf8 15. f4 h6 16. Bh4 Nxh4 17. Nxh4 Ne4 18. Nf3 f6 19. Nd2 Nxd2 20. Rxd2 Bd6 21. Rf3 Qd7 22. Ne2 Qf7 23. Ng3 Rad8 24. Nf5 Kh8 25. Rg3 Rg8 26. Rf2 Bf8 27. Nh4 f5 28. Nxf5 Re8 29.
Nh4 Re4 30. Ng6+ Kh7 31. Ne5 Qf5 32. Nf3 Rxf4 33. Ng5+ hxg5 34. Qxf5+ Rxf5 35. Rxf5 Be7 36. h4 Kg6 37. Rff3 Re8 38. Kf2 Bd6 39. Rxg5+ Kh7 40. Rf7 Rg8 41. Rxb7 1-0

[Event "*** SCC Grand Prix: Titled Tuesday Blitz"]
[Site "Chess.com"]
[Date "2020.06.23"]
[Round "8"]
[White "WPWPWP-2015"]
[Black "Ermito2020"]
[Result "0-1"]
[WhiteElo "2356"]
[BlackElo "2488"]
[TimeControl "180+1"]
[EndTime "11:35:12 PDT"]
[Termination "Ermito2020 won on time"]

1. e4 c6 2. d4 d5 3. e5 Bf5 4.
Be3 e6 5. Nd2 Nd7 6. c3 h6 7. f4 Bh7 8. Be2 Ne7 9. Ngf3 c5 10. O-O Nc6 11. Nb3 cxd4 12. Bxd4 Be7 13. Bd3 Bxd3 14. Qxd3 Qc7 15. Rac1 g5 16. c4 dxc4 17.
Rxc4 gxf4 18. Qe4 Nb6 19. Rc2 Nd5 20. Kh1 h5 21. a3 h4 22. h3 Qd7 23. Nc5 Bxc5 24.
Bxc5 Nce7 25. Nd4 Ne3 26. Qxf4 Nxf1 27. Qxf1 Nd5 28. Nb5 b6 29. Nd6+ Kf8 30. Bd4 f5 31. Rf2 Rh5 32. Kh2 Qg7 33. Rf3 Kg8 34. Qc4 Rg5 35. Rf2 Rf8 36. Nb5 Kh7 37. Qc2 Rg8 38. Nd6 Rg3 0-1

[Event "*** SCC Grand Prix: Titled Tuesday Blitz"]
[Site "Chess.com"]
[Date "2020.06.23"]
[Round "8"]
[White "temus_galaktionov"]
[Black "Karacsonyi_Gellert"]
[Result "0-1"]
[WhiteElo "2687"]
[BlackElo "2524"]
[TimeControl "180+1"]
[EndTime "11:35:13 PDT"]
[Termination "Karacsonyi_Gellert won on time"]

1. d4 Nf6 2. Nf3 d5 3. c4 e6 4. Nc3 Nbd7 5. cxd5 exd5 6. Bf4 c6 7. e3 Nh5 8. Bg5 Be7 9. Bxe7 Qxe7 10. Bd3 O-O 11. O-O Nhf6 12. Qc2 Re8 13. Nd2 Nf8 14. h3 Bd7 15. b4 b5 16. Rfb1 Ng6 17. a4 a6 18. Nb3 Ne4 19. Bxe4 dxe4 20. Nc5 Bf5 21. Ne2 h5 22. Ng3 Qg5 23. Ncxe4 Bxe4 24. Nxe4 Qf5 25. f3 Nh4 26. Ra2 Nxf3+ 27. gxf3 Qxf3 28. Nd6 Re6 29. Nf5 Qxh3 30. Rf1 Rg6+ 31. Kf2 Rg2+ 32. Ke1 Rxc2 33.
Rxc2 Re8 34. Rcf2 g6 35. Nh6+ Kh7 36. Rf3 Rxe3+ 0-1

[Event "*** SCC Grand Prix: Titled Tuesday Blitz"]
[Site "Chess.com"]
[Date "2020.06.23"]
[Round "8"]
[White "Enki007"]
[Black "Anton_Demchenko"]
[Result "1-0"]
[WhiteElo "2750"]
[BlackElo "2838"]
[TimeControl "180+1"]
[EndTime "11:35:14 PDT"]
[Termination "Enki007 won by resignation"]

1. d4 Nf6 2. Nf3 d6 3. g3 g6 4. Bg2 Bg7 5. O-O O-O 6. Nc3 Nc6 7. d5 Nb4 8. a3 Na6 9. Nd4 e5 10. dxe6 fxe6 11. e4 e5 12. Nde2 Nc5 13. h3 Bd7 14.
Be3 b6 15. b4 Na4 16. Nd5 Nxd5 17. Qxd5+ Kh8 18. c4 Qc8 19. Rac1 Be6 20. Qc6 Bd7 21. Qd5 a6 22. Kh2 Be6 23. Qd2 Qe8 24. f4 exf4 25. gxf4 Rd8 26. Bd4 Qf7 27. f5 gxf5 28. exf5 Bxf5 29.
Ng3 Qg6 30. Bxg7+ Kxg7 31. Nxf5+ Rxf5 32. Be4 Qg5 33. Rg1 Kf6 34. Rxg5 1-0

[Event "*** SCC Grand Prix: Titled Tuesday Blitz"]
[Site "Chess.com"]
[Date "2020.06.23"]
[Round "8"]
[White "rpragchess"]
[Black "Phriex"]
[Result "1-0"]
[WhiteElo "2771"]
[BlackElo "2414"]
[TimeControl "180+1"]
[EndTime "11:35:14 PDT"]
[Termination "rpragchess won on time"]

1. Nf3 d5 2. b4 Nf6 3. Bb2 a5 4.
b5 Bf5 5. e3 e6 6. c4 dxc4 7.
Bxc4 Bd3 8. Qb3 Bxc4 9. Qxc4 Be7 10. O-O O-O 11. d4 c6 12. Nbd2 cxb5 13. Qxb5 Qd7 14. Qe2 Nc6 15. Rab1 Rab8 16. Ba1 Nb4 17. Nc4 Qa4 18. a3 Nbd5 19. e4 Nf4 20. Qe3 Nxg2 21. Kxg2 Qxc4 22. Rfc1 Qa4 23. Rc7 Qxa3 24. Qxa3 Bxa3 25.
d5 Bd6 26. Rcxb7 Rxb7 27. Rxb7 Rb8 28. Ra7 Bc5 29. Rc7 Bb6 30. Rc6 exd5 31. Be5 1-0

[Event "*** SCC Grand Prix: Titled Tuesday Blitz"]
[Site "Chess.com"]
[Date "2020.06.23"]
[Round "8"]
[White "Unknown_IM"]
[Black "BJthechessgod"]
[Result "0-1"]
[WhiteElo "2373"]
[BlackElo "2234"]
[TimeControl "180+1"]
[EndTime "11:35:16 PDT"]
[Termination "BJthechessgod won by checkmate"]

1. d4 Nf6 2. c4 e6 3. Nc3 Bb4 4. Bf4 O-O 5. Qd3 c5 6. e3 cxd4 7. exd4 d5 8. cxd5 Nxd5 9. Bd2 Nc6 10. Nf3 b6 11. Be2 Bb7 12. O-O Rc8 13. Ng5 g6 14. Qh3 h5 15. Rad1 Nxd4 16. Nxd5 Bxd2 17. Rxd2 Qxd5 18.
Nf3 Nxf3+ 19. Bxf3 Qxd2 20. Bxb7 Rc2 21. Be4 Rxb2 22. Qg3 Qh6 23. Qa3 Rd2 24. Qxa7 Rfd8 25. Qxb6 Rd1 26. Bf3 Rxf1+ 27. Kxf1 Qc1+ 28. Ke2 Qd1+ 29. Ke3 Qd3+ 30. Kf4 Rd4+ 31. Ke5 f6+ 32. Kxe6 Qf5+ 33.
Ke7 Qd7+ 34. Kxf6 Qf5+ 35. Ke7 Qf7# 0-1

[Event "*** SCC Grand Prix: Titled Tuesday Blitz"]
[Site "Chess.com"]
[Date "2020.06.23"]
[Round "8"]
[White "Ashedu66"]
[Black "chessmaugli"]
[Result "0-1"]
[WhiteElo "2159"]
[BlackElo "2313"]
[TimeControl "180+1"]
[EndTime "11:35:17 PDT"]
[Termination "chessmaugli won by resignation"]

1. d4 Nf6 2. Nf3 e6 3. c4 c5 4.
d5 b5 5. dxe6 fxe6 6. cxb5 a6 7.
bxa6 Bxa6 8. g3 Nc6 9. Bg2 d5 10. O-O Bd6 11. Nbd2 O-O 12. Re1 e5 13. e4 d4 14. b3 Qe7 15. a3 Na5 16. Rb1 Rfb8 17. Qc2 c4 18. Nxc4 Nxc4 19. bxc4 Rxb1 20. Qxb1 Bxc4 21.
Bg5 Rxa3 22. Nh4 g6 23. f4 Kg7 24. f5 Qa7 25. Kh1 Be7 26. fxg6 hxg6 27. Qc1 Rc3 28.
Bh6+ Kh7 29. Qg5 Bf7 30. Rf1 Qb6 31. Nf3 Ng8 32. Qh4 Bxh4 33. Nxe5 Nxh6 34. gxh4 Be6 35. h5 gxh5 36. h3 Qc7 37. Nf3 Rc1 38. Ng5+ Kg6 39. Nxe6 Rxf1+ 40. Bxf1 Qf7 0-1

[Event "*** SCC Grand Prix: Titled Tuesday Blitz"]
[Site "Chess.com"]
[Date "2020.06.23"]
[Round "8"]
[White "Kildepiotr"]
[Black "stolencandy13"]
[Result "1-0"]
[WhiteElo "2602"]
[BlackElo "2429"]
[TimeControl "180+1"]
[EndTime "11:35:18 PDT"]
[Termination "Kildepiotr won by resignation"]

1. Nf3 f5 2. d3 Nf6 3. e4 fxe4 4. dxe4 Nxe4 5. Bd3 Nf6 6. Ng5 g6 7. h4 d5 8. h5 Bg4 9. f3 Bxh5 10. g4 Qd6 11. gxh5 Bh6 12. f4 Bxg5 13. fxg5 Qg3+ 14. Kd2 Qxg5+ 15. Kc3 Qe5+ 16. Kb3 Nc6 17. c3 Nxh5 18.
Re1 Qd6 19. Qg4 e5 20. Bh6 Nf6 21. Qh3 Nd7 22. Nd2 O-O-O 23. Kc2 e4 24. Bb5 Kb8 25. Rad1 Nde5 26. Nxe4 Nb4+ 27. cxb4 Qxb4 28. Qb3 Qxb3+ 29.
Kxb3 dxe4 30. Rxd8+ Rxd8 31. Rxe4 Nf7 32. Bf4 a6 33. Bc4 Nd6 34. Re7 b5 35. Bd3 h5 36.
Bxg6 h4 37. Rh7 Kb7 38. Rxh4 Nc4 39. Rh7 Na5+ 40. Kc2 Nc6 41. Rxc7+ Kb6 42. Rf7 Rd6 43. Bxd6 1-0

[Event "*** SCC Grand Prix: Titled Tuesday Blitz"]
[Site "Chess.com"]
[Date "2020.06.23"]
[Round "8"]
[White "Julianos82"]
[Black "aa175"]
[Result "0-1"]
[WhiteElo "2246"]
[BlackElo "2405"]
[TimeControl "180+1"]
[EndTime "11:35:19 PDT"]
[Termination "aa175 won by checkmate"]

1. d4 e5 2. dxe5 Nc6 3. Nf3 Qe7 4. g3 Nxe5 5. Bg2 Nxf3+ 6. Bxf3 Nf6 7. Nc3 c6 8. O-O d6 9. Bg5 h6 10. Bf4 g5 11.
Be3 Bf5 12. Qd2 Qe6 13. Rad1 Be7 14. Bd4 O-O-O 15. Bxa7 h5 16. Na4 Nd7 17. Qa5 Qe5 18. Bd5 Be4 19. c4 h4 20. Bd4 Qf5 21. Qa7 hxg3 22. fxg3 Qh3 23. Rf2 Qxg3+ 24. Kf1 Qh3+ 25. Ke1 cxd5 26. cxd5 Nc5 27. Rc1 Kd7 28. Nxc5+ dxc5 29.
Qxb7+ Ke8 30. Bxh8 Qxh8 31. d6 Rxd6 32. Rxc5 Rd1+ 33.
Kxd1 Bxb7 34. Rc7 Qd4+ 35. Ke1 Bb4+ 36. Kf1 Qd1# 0-1

[Event "*** SCC Grand Prix: Titled Tuesday Blitz"]
[Site "Chess.com"]
[Date "2020.06.23"]
[Round "8"]
[White "RitvarsReimanis"]
[Black "Biranidun"]
[Result "1-0"]
[WhiteElo "2577"]
[BlackElo "2728"]
[TimeControl "180+1"]
[EndTime "11:35:20 PDT"]
[Termination "RitvarsReimanis won on time"]

1. d4 Nf6 2. c4 g6 3. Nc3 d5 4.
cxd5 Nxd5 5. e4 Nxc3 6. bxc3 Bg7 7. Be3 c5 8. Qd2 Qa5 9. Rc1 cxd4 10. cxd4 Qxd2+ 11. Bxd2 O-O 12. Nf3 Bg4 13. d5 Nd7 14.
Bb5 Rfc8 15. Ke2 Nc5 16. h3 a6 17. Bd3 Bd7 18. Bg5 Bb5 19. Bxb5 axb5 20. Bxe7 Nxe4 21. Rxc8+ Rxc8 22. d6 Bf6 23. Ke3 Bxe7 24. dxe7 Nf6 25. Rd1 Re8 26. Rd8 Kg7 27. Rxe8 Nxe8 28. Nd4 Kf6 29.
Nxb5 Kxe7 30. Kd4 Ke6 31. Kc5 Kd7 32. a4 Kc8 33. Nd6+ 1-0

[Event "*** SCC Grand Prix: Titled Tuesday Blitz"]
[Site "Chess.com"]
[Date "2020.06.23"]
[Round "8"]
[White "Azatic"]
[Black "chenxiaoyuer"]
[Result "0-1"]
[WhiteElo "2531"]
[BlackElo "2385"]
[TimeControl "180+1"]
[EndTime "11:35:21 PDT"]
[Termination "chenxiaoyuer won on time"]

1. e4 c5 2. Nf3 d6 3. d4 cxd4 4. Nxd4 Nf6 5. Nc3 Nc6 6. Bg5 e6 7. Qd2 Qb6 8. Nb3 Be7 9. f3 O-O 10. O-O-O a6 11. g4 Rd8 12. Be3 Qc7 13. g5 Nd7 14. h4 b5 15. h5 Nc5 16. g6 b4 17. Ne2 Nxb3+ 18. axb3 a5 19. gxf7+ Kxf7 20. Kb1 a4 21. Nd4 axb3 22. cxb3 Nxd4 23. Bxd4 Qa5 24.
Bc4 Ba6 25. Qf4+ Bf6 26. Bxf6 gxf6 27. Qh6 Bxc4 28. Qxh7+ Ke8 29. Qg8+ Kd7 30. Qf7+ Kc6 31. bxc4 b3 32. Kc1 Qa1+ 33. Kd2 Qxb2+ 34. Ke1 Ra2 35. Rh2 Qxh2 0-1

[Event "*** SCC Grand Prix: Titled Tuesday Blitz"]
[Site "Chess.com"]
[Date "2020.06.23"]
[Round "8"]
[White "H3nriqueTV"]
[Black "TST2014"]
[Result "0-1"]
[WhiteElo "2230"]
[BlackElo "2529"]
[TimeControl "180+1"]
[EndTime "11:35:22 PDT"]
[Termination "TST2014 won on time"]

1. e4 c5 2. Nf3 Nc6 3. Nc3 d6 4. d4 cxd4 5. Nxd4 Nf6 6. Be2 e5 7. Nf3 h6 8. O-O Be7 9. Re1 O-O 10.
Bf1 Bg4 11. h3 Bh5 12. Be3 a6 13. Nd5 Nxd5 14. exd5 Nb8 15. Be2 Nd7 16. Qd3 f5 17. Qb3 f4 18. Bd2 Nc5 19. Qa3 Bf6 20. c3 e4 21. Nd4 f3 22. gxf3 exf3 23. Bf1 Bg5 24. Ne6 Nxe6 25. dxe6 Qf6 26. Qxd6 Rae8 27. Bc4 Re7 28.
Rad1 Bxd2 29. Rxd2 Qg5+ 30. Qg3 Qxd2 31. Re5 Be8 32. Re4 Qc1+ 33. Kh2 Qg5 34. Rg4 Qf6 35. Bb3 g5 36. Bc2 Bc6 0-1

[Event "*** SCC Grand Prix: Titled Tuesday Blitz"]
[Site "Chess.com"]
[Date "2020.06.23"]
[Round "8"]
[White "cholzan"]
[Black "MartinCerveny"]
[Result "1-0"]
[WhiteElo "2386"]
[BlackElo "2656"]
[TimeControl "180+1"]
[EndTime "11:35:24 PDT"]
[Termination "cholzan won by checkmate"]

1. d4 d5 2. c4 c6 3. Nf3 Nf6 4. e3 Bf5 5. Nc3 e6 6. Nh4 Bg4 7. Qb3 b6 8. h3 Bh5 9. g4 Ne4 10. Nxe4 Qxh4 11. Ng3 Bg6 12. cxd5 exd5 13. Bg2 Bd6 14. Ne2 O-O 15. O-O Nd7 16. Nf4 Nf6 17. Qd1 Ne4 18. Nxg6 fxg6 19. Qc2 Rae8 20. Qxc6 Rxf2 21. Qxe8+ Bf8 22. Rxf2 Qxf2+ 23. Kh2 Qg3+ 24. Kg1 Qe1+ 25. Kh2 Qg3+ 26. Kg1 h6 27. Qe6+ Kh7 28. Qf7 Bd6 29. Qf3 Qh2+ 30. Kf1 Ng5 31. Qxd5 Bg3 32. Bd2 Nxh3 33. Ke2 Ng1+ 34. Kd3 Bf2 35. Be4 Bh4 36.
Bxg6+ Kxg6 37. Qf5# 1-0

[Event "*** SCC Grand Prix: Titled Tuesday Blitz"]
[Site "Chess.com"]
[Date "2020.06.23"]
[Round "8"]
[White "Harry_Rakkel"]
[Black "Poghosyan_Suren"]
[Result "1-0"]
[WhiteElo "2567"]
[BlackElo "2443"]
[TimeControl "180+1"]
[EndTime "11:35:24 PDT"]
[Termination "Harry_Rakkel won by resignation"]

1. e4 e6 2. d4 d5 3. Nc3 Bb4 4. e5 c5 5. a3 Bxc3+ 6. bxc3 Qc7 7. Nf3 b6 8. Bb5+ Bd7 9. Bd3 c4 10. Be2 Ba4 11. Bf4 Nc6 12. Qd2 Nge7 13. h4 O-O-O 14.
h5 h6 15. Nh4 Kb7 16. Bg4 Qd7 17. Bh3 Qe8 18. g4 Qg8 19. Ng2 g5 20. Bg3 Qh7 21. Ne3 Rhf8 22. O-O f5 23. exf6 Rxf6 24. Bg2 Rdf8 25.
Rfe1 Rf4 26. Re2 Kc7 27. Rae1 Kd7 28. Bxf4 gxf4 29. Nxc4 dxc4 30. d5 exd5 31. Bxd5 Kc7 32. Be4 Qg7 33. Bf3 Rd8 34. Qxf4+ Kc8 35. Qxc4 b5 36.
Qc5 Qf6 37. Rxe7 Qxe7 38. Rxe7 1-0

[Event "*** SCC Grand Prix: Titled Tuesday Blitz"]
[Site "Chess.com"]
[Date "2020.06.23"]
[Round "8"]
[White "dennisodessa"]
[Black "WildTricks"]
[Result "0-1"]
[WhiteElo "2269"]
[BlackElo "2490"]
[TimeControl "180+1"]
[EndTime "11:35:24 PDT"]
[Termination "WildTricks won by checkmate"]

1. d4 f5 2. c4 Nf6 3. g3 g6 4. Bg2 Bg7 5. Nf3 d6 6. Nc3 O-O 7. O-O Qe8 8. Qb3 Nc6 9. Rd1 h6 10. c5+ Kh7 11. d5 Nd8 12. Nb5 Qd7 13. c6 bxc6 14.
dxc6 Nxc6 15. Nfd4 Bb7 16. Ne6 Na5 17. Nxf8+ Rxf8 18. Qa4 Bxg2 19. Kxg2 Nb7 20. Nc3 Qe6 21. Be3 Nd8 22.
Qxa7 c5 23. Qa6 Nf7 24. Bxc5 f4 25. Bd4 Ng5 26. Bxf6 Qh3+ 27. Kh1 Rxf6 28. Rg1 f3 29. Qd3 Rf5 30. g4 Rf4 31. Rg3 Qh4 32. exf3 Be5 33.
Re1 Rxf3 34. Qc4 Rxf2 35. Re2 Qxh2# 0-1

[Event "*** SCC Grand Prix: Titled Tuesday Blitz"]
[Site "Chess.com"]
[Date "2020.06.23"]
[Round "8"]
[White "Fortitudine"]
[Black "eightbyeightchess"]
[Result "0-1"]
[WhiteElo "2276"]
[BlackElo "2412"]
[TimeControl "180+1"]
[EndTime "11:35:24 PDT"]
[Termination "eightbyeightchess won on time"]

1. d4 d5 2. Nc3 Nf6 3. Bg5 Bf5 4.
e3 h6 5. Bh4 Nbd7 6. Bd3 Bg4 7.
Nge2 g5 8. Bg3 Bg7 9. f3 Bh5 10.
h4 c6 11. Qd2 b5 12. O-O-O g4 13. Rdf1 gxf3 14. gxf3 Qa5 15. Kb1 O-O-O 16. Nf4 Rhg8 17. Rhg1 e6 18. Rg2 Bf8 19. Nxh5 Nxh5 20. Be1 Bb4 21.
Rfg1 Nhf6 22. Rxg8 Rxg8 23. Rxg8+ Nxg8 24. Qg2 Qd8 25.
Qg7 Qf8 26. Qxf8+ Bxf8 27. Ne2 Be7 28. c3 Kb7 29. Kc2 e5 30. e4 Ngf6 31. exd5 Nxd5 32. Bf2 exd4 33. Nxd4 Ne5 34. Be4 Nf6 35. Nf5 Nxe4 36.
fxe4 Bf8 37. Bg3 Ng4 38. Bf4 h5 39. Kd3 c5 40. Ke2 Kc6 41. Kf3 Nf6 0-1

[Event "*** SCC Grand Prix: Titled Tuesday Blitz"]
[Site "Chess.com"]
[Date "2020.06.23"]
[Round "8"]
[White "Anuar_Is"]
[Black "cassoulet"]
[Result "1-0"]
[WhiteElo "2830"]
[BlackElo "2660"]
[TimeControl "180+1"]
[EndTime "11:35:26 PDT"]
[Termination "Anuar_Is won by resignation"]

1. e4 d6 2. d4 Nf6 3. Nc3 Nbd7 4. Nf3 e5 5. Bc4 Be7 6. O-O c6 7. a4 Qc7 8. Re1 h6 9. a5 g5 10. dxe5 Nxe5 11. Nxe5 dxe5 12. Be3 Bg4 13. f3 Bh5 14. Ne2 Bg6 15. Ng3 Nd7 16. c3 Bc5 17. Qe2 h5 18. b4 Bxe3+ 19. Qxe3 h4 20. Nf5 Bxf5 21. exf5 Qd8 22. Rad1 Qf6 23. Qe4 a6 24. Rd3 O-O-O 25. Red1 Nb8 26. Bb3 Rxd3 27. Qxd3 Qe7 28.
h3 Nd7 29. Qc4 Rf8 30. Re1 Nf6 31. Qe2 Re8 32. Qe3 Nd7 33. Qa7 Kc7 34. Bc2 Rd8 35. Kh2 Qd6 36. Be4 Qd2 37. Rb1 Qxc3 38. b5 Qc5 39. b6+ Kc8 40. Rb2 f6 41. Rc2 Qxc2 42. Bxc2 Nb8 43. Bb3 Rd6 44. Be6+ 1-0

[Event "*** SCC Grand Prix: Titled Tuesday Blitz"]
[Site "Chess.com"]
[Date "2020.06.23"]
[Round "8"]
[White "GukeshDommaraju"]
[Black "korbul"]
[Result "1-0"]
[WhiteElo "2699"]
[BlackElo "2500"]
[TimeControl "180+1"]
[EndTime "11:35:26 PDT"]
[Termination "GukeshDommaraju won by resignation"]

1. f4 d5 2. Nf3 Bg4 3. Ne5 Bh5 4.
g3 e6 5. Bg2 Nf6 6. O-O Nbd7 7.
d4 c5 8. c3 Be7 9. Nd2 O-O 10.
h3 Nxe5 11. dxe5 Nd7 12. g4 Bg6 13. e4 dxe4 14. Nxe4 f5 15. Nd6 Nb6 16. Nxb7 Qc7 17. Be3 fxg4 18. hxg4 Rab8 19. Nd6 Rbd8 20. Qb3 Bxd6 21.
Qxe6+ Bf7 22. exd6 Rxd6 23. Qe5 Nd5 24. Bxd5 Bxd5 25.
c4 Qd7 26. cxd5 Qxg4+ 27. Kf2 Qh4+ 28. Ke2 Rg6 29. Rf2 Qg4+ 30. Kd2 c4 31. Kc3 Qd7 32. Rd1 Qa4 33. Rd4 Qxa2 34. Rxc4 Qb1 35. Rc2 Qe1+ 36. Kb3 Rg3 37. R2c3 Qd1+ 38. Ka2 Rg6 39. Ra3 h5 40. Rd4 h4 41. Rxd1 1-0